 Dungeon Crawl Stone Soup version 0.30.1-3-gfc49f6343a (webtiles) character file.

Game seed: 7889970511773570921

897 Heoruswealwe the Thaumaturge (level 7, -1/36 HPs)
             Began as a Deep Elf Conjurer on July 19, 2023.
             Succumbed to a water moccasin's poison
             ... on level 5 of the Dungeon.
             The game lasted 00:49:08 (4053 turns).

Heoruswealwe the Thaumaturge (Deep Elf Conjurer)    Turns: 4053, Time: 00:49:08

Health: -1/36      AC:  3    Str:  4    XL:     7   Next: 79%
Magic:  9/21       EV: 12    Int: 25    God:
Gold:   149        SH:  0    Dex: 13    Spells: 6/23 levels left

rFire   . . .        (no weapon)
rCold   + . .        (no shield)
rNeg    . . .        c - +0 robe
rPois   .            (helmet restricted)
rElec   .            (no cloak)
rCorr   .            (no gloves)
SInv    .            e - +0 pair of boots
Will    .....        (no amulet)
Stlth   ++           k - ring of wizardry
HPRegen 0.26/turn    j - ring of protection from cold
MPRegen 0.17/turn

%: wizardry (x1)
@: lethally poisoned (-1 -> -7)
A: horns 1, teleportitis 1
a: no special abilities


You were on level 5 of the Dungeon.
You visited 1 branch of the dungeon, and saw 5 of its levels.

You collected 214 gold pieces.
You spent 65 gold pieces at shops.

Inventory:

Hand Weapons
 b - a +0 war axe
Armour
 c - a +0 robe (worn)
 e - a +0 pair of boots (worn)
Magical Staves
 o - a staff of cold
Jewellery
 j - a ring of protection from cold (right hand)
 k - a ring of wizardry (left hand)
 w - a ring of protection from fire
Wands
 a - a wand of iceblast (13)
 q - a wand of acid (8)
Scrolls
 d - 4 scrolls of teleportation {unknown}
 f - a scroll of vulnerability {unknown}
 i - a scroll of butterflies {unknown}
 n - a scroll of brand weapon {unknown}
 p - a scroll of magic mapping {unknown}
 s - a scroll of poison {unknown}
 t - a scroll of blinking {unknown}
 u - a scroll of enchant weapon {unknown}
 v - 3 scrolls of fear {unknown}
 x - a scroll of amnesia {unknown}
 y - a scroll of identify
Potions
 h - 2 potions of brilliance
 l - a potion of haste
 m - a potion of magic


   Skills:
 - Level 2.4 Dodging
 - Level 2.4 Stealth
 + Level 8.8 Spellcasting
 + Level 8.2 Conjurations


You had 6 spell levels left.
You knew the following spells:

 Your Spells              Type           Power      Damage    Failure   Level
a - Magic Dart            Conj           100%       1d8       1%          1
b - Searing Ray           Conj           100%       2d8       1%          2
c - Dazzling Flash        Conj/Hex       62%        N/A       1%          3
d - Mephitic Cloud        Conj/Pois/Air  24%        N/A       2%          3
e - Fulminant Prism       Conj/Hex       15%        3d10      4%          4
f - Iskenderun's Mystic   Conj/Tloc      31%        2d8       4%          4

Your spell library contained the following spells:

 Spells                   Type           Power      Damage    Failure   Level
 Poisonous Vapours        Pois/Air       22%        N/A       3%          2
 Freezing Cloud           Conj/Ice/Air   12%        6-21      21%         5


Dungeon Overview and Level Annotations

Branches:
Dungeon (5/15)
 Temple: D:4-7

Altars:

Shops:
D:3 ?   D:5 *


Innate Abilities, Weirdness & Mutations

You have a pair of small horns on your head.
You are occasionally teleported next to monsters.


Message History

The water moccasin slams into the rock wall!
The water moccasin is heavily wounded.
You feel very sick. The water moccasin bites you.
Casting: Iskenderun's Mystic Blast (quite dangerous; 4% risk of failure)
Confirm with . or Enter, or press ? or * to list all spells.
The spell is quite dangerous to miscast (4% risk of failure)!
Continue anyway?
You erupt in a blast of force!
The mystic blast hits the worm!
The worm is heavily wounded.
The worm is knocked back by the mystic blast.
The worm slams into the rock wall!
The worm is severely wounded.
The mystic blast hits the water moccasin.
The water moccasin is heavily wounded.
The water moccasin is knocked back by the mystic blast.
The water moccasin slams into the rock wall!
The water moccasin is severely wounded.
You feel very sick. The water moccasin bites you.
* * * LOW HITPOINT WARNING * * *
You feel better. The water moccasin bites you.
* * * LOW HITPOINT WARNING * * *
You are lethally poisoned!
The water moccasin poisons you!
Casting: Iskenderun's Mystic Blast (quite dangerous; 4% risk of failure)
Confirm with . or Enter, or press ? or * to list all spells.
The spell is quite dangerous to miscast (4% risk of failure)!
Continue anyway?
You erupt in a blast of force!
The mystic blast hits the worm!
You kill the worm!
The mystic blast hits the water moccasin!
You kill the water moccasin!
* * * LOW HITPOINT WARNING * * *
You feel very sick.
Your Conjurations skill increases to level 8!
Really quaff the potion of mutation?
You feel extremely strange.
You feel weirdly uncertain. A pair of horns grows on your head!
* * * LOW HITPOINT WARNING * * *
You feel sick.
You die...

.........#..###.##.#.#
#.......##..# #.##.#.#
.....>...#..###.##.#.#
#.......#.......##.#.#
.........#..######.#.#
#.#.#.#.#............#
.####...##.###########
...........#######
..#....<........@#
..........####<#.#
.#.#...### #.#†#
#.......# #.#.#
#....##.# #.#.#
..#..##.## #.#.#
#.#..##..# ##....##
..#..###.# #......#
.........# #......#


There were no monsters in sight!

Vanquished Creatures
  A water moccasin (D:5)
  A gnoll sergeant (D:4)
  A scorpion (D:5)
  A wight (D:5)
  2 hounds
  A jelly (D:5)
  A gnoll bouda (D:5)
  2 iguanas (D:5)
  Ijyb (D:3)
  22 gnolls
  10 adders
  A white imp (D:5)
  4 worms
  A dart slug (D:1)
  8 orcs
  8 endoplasms
  7 giant cockroaches
  9 goblins
  6 hobgoblins
  4 jackals (D:2)
  4 quokkas
  5 ball pythons
  6 bats
  3 frilled lizards
  4 kobolds
  8 rats
121 creatures vanquished.

Notes
Turn   | Place    | Note
-------+----------+-------------------------------------------
     0 | D:1      | Heoruswealwe the Deep Elf Conjurer began the quest for the
                  | Orb.
     0 | D:1      | Reached XP level 1. HP: 10/10 MP: 6/6
   167 | D:1      | Reached XP level 2. HP: 15/15 MP: 2/8
   170 | D:1      | Learned a level 2 spell: Searing Ray
   469 | D:1      | Reached skill level 5 in Conjurations
   474 | D:1      | Reached XP level 3. HP: 19/19 MP: 0/10
   478 | D:1      | Learned a level 3 spell: Dazzling Flash
  1366 | D:3      | Learned a level 3 spell: Mephitic Cloud
  1378 | D:3      | Reached XP level 4. HP: 24/24 MP: 8/12
  1390 | D:3      | Reached skill level 5 in Spellcasting
  1397 | D:3      | Learned a level 4 spell: Fulminant Prism
  1648 | D:3      | Found Huwallor's Magic Scroll Emporium.
  1671 | D:3      | Bought a scroll of identify for 26 gold pieces
  1671 | D:3      | Bought a scroll of identify for 26 gold pieces
  1849 | D:3      | Reached XP level 5. HP: 28/28 MP: 8/14
  1986 | D:3      | Noticed Ijyb
  1994 | D:3      | Killed Ijyb
  2311 | D:3      | Bought a scroll of noise for 13 gold pieces
  2748 | D:4      | Reached XP level 6. HP: 20/32 MP: 0/17
  3174 | D:5      | Entered Level 5 of the Dungeon
  3321 | D:5      | Learned a level 4 spell: Iskenderun's Mystic Blast
  3527 | D:5      | Reached XP level 7. HP: 36/36 MP: 5/19
  3974 | D:5      | Found Nitucw's Gadget Gallery.
  4052 | D:5      | Gained mutation: You are occasionally teleported next to
                  | monsters. [potion of mutation]
  4052 | D:5      | Gained mutation: You have a pair of small horns on your
                  | head. [potion of mutation]
  4052 | D:5      | HP: 1/36 [poisoned by a water moccasin]
  4053 | D:5      | Succumbed to a water moccasin's poison

Illustrated notes

Levels and vault maps discovered:
D:1:      noname_arrival_rooms_in_the_neighbourhood, layout_basic
D:2:      layout_basic
D:3:      layout_loops_corners, serial_shops, nicolae_shop_tiny_statue_garden,
          saegor_snake_ambush, uniq_ijyb
D:4:      layout_rooms, hangedman_decor_slide_cut
D:5:      layout_loops_ring, minivault_14, ebering_dispersal_statue_hall,
          st_stairs_4, minivault_14, nicolae_shop_gadgets

Skill      XL: |  1  2  3  4  5  6  7 |
---------------+----------------------+-----
Spellcasting   | 4 5 6 7 8 |  8.8
Conjurations   | 5 6 7 8 |  8.2
Dodging        | |  2.4
Stealth        | |  2.4

Action                     |  1- 3 |  4- 6 |  7- 9 || total
---------------------------+-------+-------+-------++-------
  Melee: Unarmed           |       |     3 |       ||     3
   Cast: Magic Dart        |    84 |    95 |    20 ||   199
         Searing Ray       |     2 |    11 |     6 ||    19
         Iskenderun's Myst |       |     2 |     3 ||     5
    Use: Scroll            |       |     7 |       ||     7
         Potion            |       |     1 |     2 ||     3
 Armour: Robe              |       |     4 |       ||     4
  Dodge: Dodged            |    10 |    10 |     2 ||    22
